% Time on Ice - UTAH ICE BEARS
Lines # - Real PCT - Wanted PCT - Time Play
Normal Forward
1 - 34% - 36% - 18:11
2 - 34% - 34% - 17:59
3 - 25% - 25% - 13:40
4 - 7% - 5% - 3:47
Normal Defense
1 - 36% - 36% - 19:07
2 - 34% - 35% - 18:12
3 - 25% - 23% - 13:35
4 - 5% - 6% - 2:43
PP Forward
1 - 58% - 60% - 1:09
2 - 42% - 40% - 0:50
PP Defense
1 - 50% - 60% - 0:59
2 - 50% - 40% - 1:00
PK Forward
1 - 79% - 60% - 3:08
2 - 21% - 40% - 0:50
PK Defense
1 - 47% - 60% - 1:53
2 - 53% - 40% - 2:05
PK3 Forward
1 - 0% - 55%
2 - 0% - 45%
PK3 Defense
1 - 0% - 55%
2 - 0% - 45%
44 Forward
1 - 0% - 55%
2 - 0% - 45%
44 Defense
1 - 0% - 55%
2 - 0% - 45%
Last Minute Offensive  - 0:26
Last Minute Defensive  - 0:00
Total
Forward - 60:00
Defense - 60:00
% Time on Ice - LONG BEACH BARACUDAS
Lines # - Real PCT - Wanted PCT - Time Play
Normal Forward
1 - 32% - 36% - 17:21
2 - 33% - 34% - 17:39
3 - 24% - 20% - 12:51
4 - 11% - 10% - 5:46
Normal Defense
1 - 32% - 36% - 17:19
2 - 27% - 31% - 14:33
3 - 35% - 23% - 18:34
4 - 6% - 10% - 3:11
PP Forward
1 - 49% - 55% - 1:56
2 - 51% - 45% - 2:02
PP Defense
1 - 44% - 55% - 1:44
2 - 56% - 45% - 2:14
PK Forward
1 - 43% - 55% - 0:51
2 - 57% - 45% - 1:08
PK Defense
1 - 43% - 55% - 0:51
2 - 57% - 45% - 1:08
PK3 Forward
1 - 0% - 55%
2 - 0% - 45%
PK3 Defense
1 - 0% - 55%
2 - 0% - 45%
44 Forward
1 - 0% - 55%
2 - 0% - 45%
44 Defense
1 - 0% - 55%
2 - 0% - 45%
Last Minute Offensive  - 0:00
Last Minute Defensive  - 0:26
Total
Forward - 60:00
Defense - 60:00
Play-by-Play 1st period 0:01 of 1st period - Ryan O'Reilly wins face-off versus Evgeni Malkin in neutral zone. 0:03 of 1st period - Off-side. 0:04 of 1st period - Matthew Beniers wins face-off versus William Karlsson in neutral zone. 0:04 of 1st period - Matthew Beniers is hit by Jaden Schwartz. 0:15 of 1st period - William Karlsson is hit by T.J. Brodie and loses puck. 0:33 of 1st period - Icing by Matthew Beniers. 0:34 of 1st period - Ryan O'Reilly wins face-off versus Matthew Beniers in UTAH ICE BEARS zone. 0:52 of 1st period - Ryan O'Reilly is hit by Andrew Peeke and loses puck. 1:24 of 1st period - Icing by T.J. Brodie. 1:25 of 1st period - Alexander Barabanov wins face-off versus Cody Glass in UTAH ICE BEARS zone. 1:55 of 1st period - Shot by Evgeni Malkin. 1:55 of 1st period - Stopped by Pyotr Kochetkov without a rebound. 1:56 of 1st period - Morgan Frost wins face-off versus Derek Stepan in LONG BEACH BARACUDAS zone. 2:48 of 1st period - Icing by Alexander Romanov. 2:49 of 1st period - Evgeni Malkin wins face-off versus Jaden Schwartz in LONG BEACH BARACUDAS zone. 2:54 of 1st period - Shot by Matthew Tkachuk. 2:54 of 1st period - Stopped by Pyotr Kochetkov without a rebound. 2:55 of 1st period - Evgeni Malkin wins face-off versus William Karlsson in LONG BEACH BARACUDAS zone. 2:56 of 1st period - Shot by Casey Mittelstadt. 2:56 of 1st period - Stopped by Pyotr Kochetkov without a rebound. 2:57 of 1st period - Evgeni Malkin wins face-off versus Ryan O'Reilly in LONG BEACH BARACUDAS zone. 3:12 of 1st period - Shot by Matthew Tkachuk. 3:12 of 1st period - Deflect By Evgeni Malkin. 3:12 of 1st period - Shot Misses the Net. 3:14 of 1st period - Shot by Evgeni Malkin. 3:14 of 1st period - Stopped by Pyotr Kochetkov without a rebound. 3:15 of 1st period - Blake Lizotte wins face-off versus Seth Jarvis in LONG BEACH BARACUDAS zone. 3:18 of 1st period - Shot by Andrew Mangiapane. 3:18 of 1st period - Shot Blocked by Alexander Romanov. 4:16 of 1st period - Kyle Okposo is hit by Ethan Prow. 4:27 of 1st period - Icing by Ryan O'Reilly. 4:28 of 1st period - Ryan O'Reilly wins face-off versus Evgeni Malkin in LONG BEACH BARACUDAS zone. 4:45 of 1st period - Shot by Matthew Tkachuk. 4:45 of 1st period - Shot Blocked by Ryan O'Reilly. 4:47 of 1st period - Shot by Matthew Tkachuk. 4:47 of 1st period - Shot Misses the Net. 5:07 of 1st period - Shot by Matthew Tkachuk. 5:07 of 1st period - Shot Blocked by Ryan O'Reilly. 5:09 of 1st period - Shot by Kevin Bahl. 5:09 of 1st period - Stopped by Pyotr Kochetkov without a rebound. 5:10 of 1st period - Teuvo Teravainen wins face-off versus Morgan Frost in LONG BEACH BARACUDAS zone. 5:10 of 1st period - Teuvo Teravainen is hit by Matias Maccelli. 5:20 of 1st period - Shot by Teuvo Teravainen. 5:20 of 1st period - Stopped by Connor Ingram without a rebound. 5:21 of 1st period - Matthew Beniers wins face-off versus William Karlsson in UTAH ICE BEARS zone. 5:25 of 1st period - Off-side. 5:26 of 1st period - Morgan Frost wins face-off versus Boris Katchouk in neutral zone. 5:43 of 1st period - Teuvo Teravainen is hit by Andrew Peeke and loses puck. 6:02 of 1st period - Boris Katchouk is hit by T.J. Brodie and loses puck. 6:45 of 1st period - Shot by Evgeni Malkin. 6:45 of 1st period - Shot Misses the Net. 6:47 of 1st period - Shot by MacKenzie Weegar. 6:47 of 1st period - Shot Misses the Net. 7:02 of 1st period - Evgeni Malkin is hit by Anton Stralman and loses puck. 7:19 of 1st period - Icing by William Karlsson. 7:20 of 1st period - William Karlsson wins face-off versus Matthew Beniers in LONG BEACH BARACUDAS zone. 7:29 of 1st period - Shot by Matthew Beniers. 7:29 of 1st period - Shot Misses the Net. 7:31 of 1st period - Shot by Artem Zub. 7:31 of 1st period - Shot Blocked by Justin Braun. 7:47 of 1st period - Alexander Ovechkin is hit by Anton Stralman and loses puck. 7:50 of 1st period - Shot by Matthew Beniers. 7:50 of 1st period - Deflect By Alexander Ovechkin. 7:50 of 1st period - Stopped by Pyotr Kochetkov without a rebound. 7:51 of 1st period - Morgan Frost wins face-off versus Kyle Connor in LONG BEACH BARACUDAS zone. 8:21 of 1st period - Shot by Kyle Connor. 8:21 of 1st period - Stopped by Connor Ingram without a rebound. 8:22 of 1st period - Matthew Beniers wins face-off versus Andreas Athanasiou in UTAH ICE BEARS zone. 8:35 of 1st period - Andreas Athanasiou is hit by MacKenzie Weegar. 8:44 of 1st period - Andreas Athanasiou is hit by David Savard and loses puck. 9:47 of 1st period - Shot by Matthew Tkachuk. 9:47 of 1st period - Deflect By Casey Mittelstadt. 9:47 of 1st period - Stopped by Pyotr Kochetkov without a rebound. 9:48 of 1st period - Cody Glass wins face-off versus Matias Maccelli in LONG BEACH BARACUDAS zone. 9:48 of 1st period - Teuvo Teravainen is hit by Morgan Frost and loses puck. 10:11 of 1st period - Icing by Lucas Raymond. 10:12 of 1st period - William Karlsson wins face-off versus Morgan Frost in UTAH ICE BEARS zone. 10:12 of 1st period - Seth Jarvis is hit by Kevin Bahl and loses puck. 10:58 of 1st period - Shot by Evgeni Malkin. 10:58 of 1st period - Stopped by Pyotr Kochetkov with a rebound. 11:00 of 1st period - Shot by David Savard. 11:00 of 1st period - Shot Misses the Net. 11:16 of 1st period - Shot by Evgeni Malkin. 11:16 of 1st period - Stopped by Pyotr Kochetkov without a rebound. 11:17 of 1st period - Ryan O'Reilly wins face-off versus Matthew Beniers in LONG BEACH BARACUDAS zone. 11:23 of 1st period - Icing by T.J. Brodie. 11:24 of 1st period - Ryan O'Reilly wins face-off versus Matthew Beniers in UTAH ICE BEARS zone. 12:44 of 1st period - Icing by Matt Irwin. 12:45 of 1st period - Cody Glass wins face-off versus Morgan Frost in LONG BEACH BARACUDAS zone. 12:56 of 1st period - Icing by Matt Irwin. 12:57 of 1st period - Cody Glass wins face-off versus Casey Mittelstadt in LONG BEACH BARACUDAS zone. 12:57 of 1st period - Cody Glass is hit by Matthew Tkachuk. 13:04 of 1st period - Cody Glass is hit by MacKenzie Weegar and loses puck. 13:07 of 1st period - Shot by Boris Katchouk. 13:07 of 1st period - Shot Blocked by David Savard. 13:09 of 1st period - Shot by Cody Glass. 13:09 of 1st period - Stopped by Connor Ingram without a rebound. 13:10 of 1st period - Ryan O'Reilly wins face-off versus Morgan Frost in UTAH ICE BEARS zone. 13:17 of 1st period - Shot by Ryan O'Reilly. 13:17 of 1st period - Deflect By Kyle Connor. 13:17 of 1st period - Goal by Kyle Connor - UTAH ICE BEARS : 0 - LONG BEACH BARACUDAS : 1. 13:18 of 1st period - Ryan O'Reilly wins face-off versus Matthew Tkachuk in neutral zone. 13:20 of 1st period - Off-side. 13:21 of 1st period - Evgeni Malkin wins face-off versus Ryan O'Reilly in neutral zone. 13:37 of 1st period - Shot by Matthew Tkachuk. 13:37 of 1st period - Shot Blocked by Mark Stone. 13:47 of 1st period - Shot by Evgeni Malkin. 13:47 of 1st period - Shot Misses the Net. 13:49 of 1st period - Shot by Evgeni Malkin. 13:49 of 1st period - Stopped by Pyotr Kochetkov with a rebound. 13:55 of 1st period - Shot by Evgeni Malkin. 13:55 of 1st period - Stopped by Pyotr Kochetkov without a rebound. 13:56 of 1st period - William Karlsson wins face-off versus Matthew Beniers in LONG BEACH BARACUDAS zone. 14:06 of 1st period - Icing by T.J. Brodie. 14:07 of 1st period - Matthew Beniers wins face-off versus Derek Stepan in UTAH ICE BEARS zone. 14:42 of 1st period - Shot by Alexander Ovechkin. 14:42 of 1st period - Stopped by Pyotr Kochetkov without a rebound. 14:43 of 1st period - Evgeni Malkin wins face-off versus Jaden Schwartz in LONG BEACH BARACUDAS zone. 14:48 of 1st period - Shot by Matthew Tkachuk. 14:48 of 1st period - Shot Misses the Net. 15:13 of 1st period - Shot by Matthew Tkachuk. 15:13 of 1st period - Shot Blocked by Alexander Romanov. 15:15 of 1st period - Shot by Casey Mittelstadt. 15:15 of 1st period - Stopped by Pyotr Kochetkov without a rebound. 15:16 of 1st period - Ryan O'Reilly wins face-off versus Morgan Frost in LONG BEACH BARACUDAS zone. 15:20 of 1st period - Kyle Connor is hit by Artem Zub. 15:41 of 1st period - Icing by Artem Zub. 15:42 of 1st period - William Karlsson wins face-off versus Matias Maccelli in UTAH ICE BEARS zone. 15:48 of 1st period - Lucas Raymond is hit by Alexander Romanov and loses puck. 15:59 of 1st period - Shot by Matias Maccelli. 15:59 of 1st period - Stopped by Pyotr Kochetkov without a rebound. 16:00 of 1st period - Ryan O'Reilly wins face-off versus Evgeni Malkin in LONG BEACH BARACUDAS zone. 16:07 of 1st period - David Savard is hit by Kyle Connor and loses puck. 16:40 of 1st period - Shot by Matthew Tkachuk. 16:40 of 1st period - Stopped by Pyotr Kochetkov with a rebound. 16:42 of 1st period - Shot by Evgeni Malkin. 16:42 of 1st period - Stopped by Pyotr Kochetkov with a rebound. 16:44 of 1st period - Shot by Evgeni Malkin. 16:44 of 1st period - Deflect By Matthew Tkachuk. 16:44 of 1st period - Stopped by Pyotr Kochetkov with a rebound. 16:44 of 1st period - Pyotr Kochetkov from LONG BEACH BARACUDAS is injured at 16:44 of 1st period (Torso). 16:44 of 1st period - Alex Lyon enters game. 16:45 of 1st period - William Karlsson wins face-off versus Matthew Beniers in LONG BEACH BARACUDAS zone. 16:49 of 1st period - Jaden Schwartz is hit by Andrew Peeke and loses puck. 16:58 of 1st period - T.J. Brodie is hit by Jaden Schwartz and loses puck. 17:06 of 1st period - Andrew Peeke is hit by William Karlsson and loses puck. 17:15 of 1st period - Shot by Alexander Barabanov. 17:15 of 1st period - Stopped by Alex Lyon without a rebound. 17:16 of 1st period - Cody Glass wins face-off versus Matias Maccelli in LONG BEACH BARACUDAS zone. 17:25 of 1st period - Shot by Boris Katchouk. 17:25 of 1st period - Goal by Boris Katchouk - UTAH ICE BEARS : 0 - LONG BEACH BARACUDAS : 2. 17:26 of 1st period - Ryan O'Reilly wins face-off versus Evgeni Malkin in neutral zone. 17:28 of 1st period - Off-side. 17:29 of 1st period - Matthew Beniers wins face-off versus Cody Glass in neutral zone. 17:52 of 1st period - Shot by Alexander Ovechkin. 17:52 of 1st period - Stopped by Alex Lyon without a rebound. 17:53 of 1st period - William Karlsson wins face-off versus Evgeni Malkin in LONG BEACH BARACUDAS zone. 18:17 of 1st period - Minor Penalty to Evgeni Malkin for Tripping. 18:18 of 1st period - Teuvo Teravainen wins face-off versus Morgan Frost in UTAH ICE BEARS zone. 18:29 of 1st period - Shot by Kyle Connor. 18:29 of 1st period - Shot Misses the Net. 18:47 of 1st period - Shot by Teuvo Teravainen. 18:47 of 1st period - Stopped by Connor Ingram without a rebound. 18:48 of 1st period - Jaden Schwartz wins face-off versus Morgan Frost in UTAH ICE BEARS zone. 18:53 of 1st period - Shot by Mark Stone. 18:53 of 1st period - Shot Misses the Net. 19:01 of 1st period - Shot by Jaden Schwartz. 19:01 of 1st period - Shot Misses the Net. 19:03